AoeStats
← Zayo Marley

Black Forest

505344516Analyzed
4v4 RM · 23d ago on Sep 9, 2026· 26m 17s· 8 players
Game mode
Random Map
Map size
Large (8 player)
Population
200
Speed
Normal
Resources
Standard
Victory
Conquest
Starting age
Dark Age
Ending age
Imperial Age
RankedLock teamsTeams togetherTeam positionsShared explorationLock speedFull tech treeHidden civsTurbo modeCheats
Victory
Defeat
🇪🇸 Huns · Spain
1090
+13
🇬🇧 Wu · United Kingdom
1073
+14
🇨🇴 Spanish · Colombia
1055
+15
🇧🇪 Lithuanians · Belgium
1026
+16
🇺🇸 Byzantines · United States
1087
-16
🇧🇷 Khmer · Brazil
1081
-16
🇨🇳 Turks · China
1006
-14
🇨🇦 Inca · Canada
955
-12
Zayo Marley
1:08 Loom
11:05 Feudal Age
17:36 Castle Age
16:10 Double-Bit Axe
17:42 Horse Collar
20:44 Wheelbarrow
19:55 Town Watch
22:14 Fervor
23:01 Heavy Plow
26:11 Hand Cart
26:35 Forging
26:31 Scale Barding Armor
hargir
0:47 Loom
11:04 Feudal Age
15:36 Castle Age
14:53 Double-Bit Axe
House of Bebu
0:28 Loom
14:50 Feudal Age
18:24 Double-Bit Axe
20:51 Castle Age
18:43 Horse Collar
22:06 Bow Saw
21:58 Heavy Plow
25:13 Wheelbarrow
kirlito
13:37 Feudal Age
14:04 Horse Collar
15:00 Wheelbarrow
14:13 Double-Bit Axe
16:35 Stone Mining
20:44 Castle Age
18:55 Gold Mining
20:24 Scale Barding Armor
20:31 Forging
21:29 Heavy Plow
21:47 Hand Cart
21:45 Bow Saw
22:19 Gold Shaft Mining
Coffee Bean
10:55 Feudal Age
11:37 Double-Bit Axe
11:58 Loom
12:36 Horse Collar
17:42 Castle Age
18:30 Wheelbarrow
17:49 Gold Mining
19:00 Heavy Plow
19:44 Bow Saw
21:46 Stone Mining
Hunter
11:18 Feudal Age
14:02 Castle Age
12:25 Double-Bit Axe
14:09 Loom
18:11 Horse Collar
23:22 Gold Mining
23:36 Heavy Plow
Preft
0:35 Loom
12:58 Feudal Age
13:21 Horse Collar
13:28 Double-Bit Axe
18:42 Castle Age
17:14 Gold Mining
17:18 Stone Mining
19:34 Heavy Plow
19:47 Bow Saw
22:29 Gold Shaft Mining
26:56 Wheelbarrow
826477292
2:03 Loom
14:48 Feudal Age
20:58 Bloodlines
Connection lost

Rejoining the realm…

Still unreachable

The connection could not be restored.

Session expired

The server has moved on; the page needs a fresh start.